 Dungeon Crawl Stone Soup version 0.25.1-2-g60ff931df9 (webtiles) character file.

Game seed: 4902649492250350593

436 Acheron the Chopper (level 7, -7/60 HPs)
             Began as a Hill Orc Monk on Aug 18, 2020.
             Mangled by an orc warrior
             ... wielding a +0 long sword
              (23 damage)
             ... on level 5 of the Dungeon.
             The game lasted 00:19:00 (4311 turns).

Acheron the Chopper (Hill Orc Monk)                 Turns: 4311, Time: 00:19:00

Health: -7/60      AC:  6    Str: 14    XL:     7   Next: 1%
Magic:  7/7        EV: 11    Int: 10    God:
Gold:   215        SH:  4    Dex: 15    Spells: 6/6 levels left

rFire    . . .     SeeInvis .   x - +4 hand axe (elec)
rCold    . . .     Gourm    .   a - +0 buckler
rNeg     . . .     Faith    .   n - +1 ring mail
rPois    .         Spirit   .   (no helmet)
rElec    .         Reflect  .   (no cloak)
rCorr    .         Harm     .   E - -1 pair of gloves (curse)
MR       .....                  (no boots)
Stlth    ++........             (no amulet)
HPRegen  0.20/turn              (no ring)
MPRegen  0.10/turn              (no ring)

@: no status effects
A: no striking features
a: no special abilities


You were on level 5 of the Dungeon.
You were not hungry.

You visited 2 branches of the dungeon, and saw 7 of its levels.

You collected 215 gold pieces.

Inventory:

Hand Weapons
 p - a +0 trident
 u - a +3 mace
 x - a +4 hand axe of electrocution (weapon)
Missiles
 g - 146 stones (quivered)
 m - 4 silver javelins
 v - 4 poisoned darts
Armour
 a - a +0 buckler (worn)
 k - the +2 robe "Wileiwee" {+Blink rN+ rCorr Stlth+}
   (You found it on level 4 of the Dungeon)

   It protects you from negative energy.
   It lets you blink.
   It provides partial protection from all sources of acid and corrosion.
   It makes you more stealthy.
 n - a +1 ring mail (worn)
 E - a cursed -1 pair of gloves (worn)
Magical Staves
 C - an uncursed staff of poison {unknown}
Jewellery
 d - an uncursed ring of flight {unknown}
 w - a +6 ring of dexterity {unknown}
 z - a +6 ring of intelligence {unknown}
 D - an uncursed ring of protection from fire {unknown}
Wands
 r - a wand of random effects (48)
 s - a wand of paralysis (13)
Scrolls
 l - 2 scrolls of fog
 y - a scroll of amnesia
 B - a scroll of teleportation
Potions
 b - a potion of lignification {unknown}
 e - a potion of flight {unknown}
 h - a potion of magic {unknown}
 i - a potion of berserk rage {unknown}
 j - 2 potions of curing {unknown}
 o - a potion of degeneration {unknown}
 q - 2 potions of cancellation
 t - a potion of ambrosia {unknown}
 A - 3 potions of heal wounds
Comestibles
 c - 9 rations
 f - 2 chunks of flesh


   Skills:
 * Level 4.5 Fighting
 * Level 5.9 Axes
 * Level 2.0 Throwing
 * Level 2.7 Armour
 * Level 3.3 Dodging
 * Level 2.6 Stealth
 * Level 1.2 Shields
 * Level 0.1 Spellcasting
 * Level 1.0 Evocations


You had 6 spell levels left.
You didn't know any spells.
Your spell library contained the following spells:

 Spells                   Type           Power        Failure   Level  Hunger
 Corona                   Hex            #......      73%         1    ##.....
 Ensorcelled Hibernation  Hex/Ice        #.....       86%         2    ###....
 Confusing Touch          Hex            #.......     97%         3    ####...
 Dazzling Flash           Conj/Hex       #.....       97%         3    ####...
 Tukima's Dance           Hex            #.......     97%         3    ####...


Dungeon Overview and Level Annotations

Branches:
Dungeon (6/15)             Temple (1/1) D:5

Altars:
Cheibriados
Dithmenos
Fedhas
Gozag
Hepliaklqana
Kikubaaqudgha
Makhleb
Nemelex Xobeh
Qazlal
Ru
Sif Muna
Trog
Wu Jian
Xom
Zin
The Shining One

Annotations:
D:4 exclusion: 2 downstairs
D:5 Menkaure


Message History

The orc warrior hits you with a +0 long sword!
Your shield and ring mail prevent you from hitting the orc warrior.
You block the orc warrior's attack.
You closely miss the orc warrior.
Unknown command.
You hit the orc warrior.
The orc warrior is lightly wounded.
The orc warrior hits you with a +0 long sword.
You hit the orc warrior.
The orc warrior is lightly wounded.
The orc warrior hits you with a +0 long sword!
You hit the orc warrior but do no damage.
The orc warrior is lightly wounded.
The orc warrior hits you with a +0 long sword.
You closely miss the orc warrior.
The orc warrior is lightly wounded.
The orc warrior hits you with a +0 long sword!!
* * * LOW HITPOINT WARNING * * *
The orc warrior hits you with a +0 long sword!!
You die...

###########
#.........#
#####.....###.##
######.........# #...
#......≈≈≈..#.####...
#.###...⌠...._.......
#.##....≈≈..#.#......
#.##.......##..####..
#.##@#########.####..
#.##>o...........##..
##.##############.##..
#...# #....<......#..
#...# #.###.####..#..
#...# #...#.# #..#..
#...# ###.#.# #..#..
#...# #...# #..#).
#...##############.###


You could see an orc warrior.

Vanquished Creatures
  A bullfrog (D:5)
  A crimson imp (D:5)
  2 hounds (D:4)
  An orc priest (D:5)
  3 worker ants (D:5)
  A howler monkey skeleton (D:4)
  7 adders
  An ooze (D:4)
  An adder zombie (D:5)
  2 worms (D:3)
  3 dart slugs
  4 leopard geckos
  6 orcs
  4 giant cockroaches
  3 goblins
  5 hobgoblins
  4 jackals
  3 quokkas
  A ball python (D:3)
  A ball python zombie (D:5)
  8 bats
  6 frilled lizards
  11 kobolds
  10 rats
89 creatures vanquished.

Notes
Turn   | Place    | Note
-------+----------+-------------------------------------------
     0 | D:1      | Acheron the Hill Orc Monk began the quest for the Orb.
     0 | D:1      | Reached XP level 1. HP: 19/19 MP: 1/1
    93 | D:1      | Reached XP level 2. HP: 27/27 MP: 2/2
   598 | D:2      | Found a glowing silver altar of Zin.
   611 | D:2      | Found a snail-covered altar of Cheibriados.
   649 | D:2      | Reached XP level 3. HP: 33/33 MP: 3/3
   679 | D:2      | Found a shimmering altar of Xom.
  1371 | D:2      | Reached XP level 4. HP: 39/40 MP: 4/4
  1394 | D:2      | Reached skill level 1 in Throwing
  1703 | D:3      | Found a sacrificial altar of Ru.
  1755 | D:3      | Found a blossoming altar of Fedhas.
  2131 | D:3      | Reached skill level 5 in Axes
  2588 | D:3      | Found a stormy altar of Qazlal.
  2765 | D:4      | Reached XP level 5. HP: 37/46 MP: 5/5
  2828 | D:5      | Entered Level 5 of the Dungeon
  2841 | D:4      | Reached skill level 1 in Armour
  2989 | D:4      | Got a faintly humming robe
  3468 | D:5      | Noticed an ogre
  3685 | D:5      | Reached XP level 6. HP: 53/53 MP: 6/6
  3733 | D:5      | Found a staircase to the Ecumenical Temple.
  3734 | D:5      | Noticed Menkaure
  3813 | D:5      | Found an ancient bone altar of Kikubaaqudgha.
  3819 | D:5      | Identified the +2 robe "Wileiwee" {+Blink rN+ rCorr Stlth+}
                  | (You found it on level 4 of the Dungeon)
  3878 | D:5      | Reached skill level 1 in Shields
  4014 | Temple   | Entered the Ecumenical Temple
  4262 | D:5      | Reached skill level 1 in Evocations
  4270 | D:5      | Reached XP level 7. HP: 56/60 MP: 7/7
  4311 | D:5      | Mangled by an orc warrior

Illustrated notes

Levels and vault maps discovered:
D:1:      onia_arrival_mini_spirals, layout_rooms
D:2:      layout_loops_ring, grunt_temple_overflow_open, xom_butterflies
D:3:      layout_loops_ring, lemuel_coloured_pillars_altar,
          nicolae_overflow_crystal_walls, nicolae_ru_path_of_blood,
          kennysheep_flooded_box
D:4:      layout_loops_ring, corexii_checkpoint_b
D:5:      layout_basic, lemuel_crystal_altar, minmay_temple_entry_mini_moons,
          first_ration, corexii_leaking_fountain, uniq_menkaure
D:6:      layout_cave_pods, serial_gnoll_camp, gnoll_camp_mini_hut,
          gnoll_camp_mini_hut, gnoll_camp_medium_01, gnoll_camp_mini_hut,
          gnoll_camp_mini_loothouse, gnoll_camp_mini_doghouse
Temple:   dpeg_three_leaves_temple

Skill      XL: |  1  2  3  4  5  6 |
---------------+-------------------+-----
Fighting       | 4 |  4.5
Throwing       | 1 2 |  2.0
Stealth        | 2 |  2.6
Dodging        | 3 |  3.3
Axes           | 5 |  5.9
Armour         | 1 2 |  2.7
Shields        | 1 |  1.2
Evocations     | 1 |  1.0
Spellcasting   | |  0.1

Action                   |  1- 3 |  4- 6 |  7- 9 || total
-------------------------+-------+-------+-------++-------
Melee: Hand axe          |   119 |   159 |     7 ||   285
  Use: Scroll            |     1 |    12 |       ||    13
 Stab: Sleeping          |     1 |     1 |       ||     2
       Distracted        |     1 |       |       ||     1
  Eat: Chunk             |     2 |     5 |     1 ||     8
       Ration            |       |     1 |       ||     1
Armor: Robe              |     7 |       |       ||     7
       Ring mail         |    32 |    56 |       ||    88
Dodge: Dodged            |    83 |    95 |     1 ||   179
Block: Buckler           |       |    10 |     2 ||    12
